Map: 월드 오브 슬리퍼스 - 래더

Players

TSGSolar (Solar) - Winner!

  • Race: Zerg Zerg
  • League: Master
  • Spawn Location: 1:00

soO

  • Race: Zerg Zerg
  • Spawn Location: 7:00

VOD

Have the link to the VOD?

Description

Time

  • Played on: Jan. 9, 2020, 4:43 a.m.
  • Length: 6:24
Show
View Real Time Build Order
Export as new Build Order

TSGSolar Zerg - Winner!

Build Orders: Hatch First 

Get SALT Encoding   

  12  0:01  Drone  
  13  0:11  Overlord  
  13  0:17  Drone  
  14  0:30  Drone x2  
  16  0:47  Hatchery  
  15  0:51  Drone  
  15  0:54  Drone  
  17  0:58  Drone  
  18  1:08  Extractor  
  17  1:13  Spawning Pool  
  17  1:16  Drone  
  17  1:19  Drone  
  18  1:28  Drone  
  19  1:39  Drone  
  20  1:48  Overlord  
  20  2:00  Queen x2  
  25  2:01  Zergling x2, Drone  
  26  2:08  Metabolic Boost  
  26  2:10  Drone x2  
  28  2:21  Drone x2  
  30  2:33  Hatchery  
  30  2:36  Drone  
  30  2:40  Drone  
  31  2:45  Queen  
  33  2:51  Baneling Nest  
  33  2:54  Overlord  
  33  2:58  Zergling x2  
  33  2:59  Drone  
  33  3:02  Drone  
  33  3:04  Drone  
  36  3:13  Drone x4  
  36  3:16  Zergling x2  
  36  3:17  Zergling x2  
  36  3:19  Zergling x2  
  43  3:23  Zergling x2  
  43  3:27  Overlord  
  43  3:33  Zergling x2  
  44  3:35  Baneling x2  
  44  3:45  Drone x2  
  44  3:46  Drone x2  
  44  3:47  Zergling x4  
  50  3:59  Zergling x2  
  50  4:00  Overlord  
  50  4:02  Zergling x8  
  54  4:08  Roach Warren  
  55  4:10  Drone x3  
  55  4:12  Drone  
  55  4:16  Overlord  
  57  4:18  Extractor  
  57  4:19  Drone  
  57  4:20  Drone x2  
  57  4:23  Overlord  
  59  4:27  Overlord  
  59  4:28  Overlord  
  59  4:44  Drone x2  
  61  4:45  Extractor  
  61  4:49  Roach, Evolution Chamber  
  61  4:50  Roach x6  
  72  4:53  Roach x2  
  72  4:55  Roach  
  78  5:00  Roach x2  
  78  5:02  Roach  
  78  5:04  Overlord  
  84  5:17  Overlord  
  93  5:21  Roach x6  
  93  5:24  Overlord  
  93  5:28  Zergling x6  
  98  5:30  Zergling x2  
  98  5:32  Zergling x2  
  100  5:37  Zergling x8  
  100  5:40  Zergling x4  
  106  5:44  Zergling x4  
  106  5:47  Ravager  
  106  5:48  Zergling x4, Ravager  
  106  5:49  Baneling  
  111  5:50  Baneling x2  
  106  5:58  Zergling x8  
  106  6:01  Ravager  
  106  6:02  Zergling x4  
  102  6:07  Zergling x6  
  100  6:13  Ravager  
  100  6:20  Ravager  
Show
View Real Time Build Order
Export as new Build Order

soO Zerg 

Build Orders: Hatch First 

Get SALT Encoding   

  12  0:00  Drone  
  13  0:12  Overlord  
  13  0:16  Drone  
  14  0:30  Drone x2  
  16  0:46  Hatchery  
  15  0:50  Drone  
  15  0:54  Drone  
  17  0:57  Drone  
  18  1:08  Extractor  
  17  1:12  Spawning Pool  
  17  1:15  Drone  
  17  1:18  Drone  
  18  1:29  Drone  
  19  1:40  Drone  
  20  1:50  Overlord  
  20  1:59  Queen x2  
  20  2:00  Drone  
  20  2:01  Zergling x2  
  26  2:09  Metabolic Boost  
  26  2:11  Drone x2  
  28  2:22  Drone x2  
  30  2:33  Hatchery  
  30  2:34  Zergling x2  
  30  2:37  Drone  
  30  2:42  Overlord  
  31  2:48  Drone  
  32  3:04  Drone  
  33  3:09  Zergling x18  
  42  3:23  Roach Warren  
  42  3:26  Zergling x4  
  43  3:33  Zergling x2  
  44  3:34  Overlord  
  44  3:40  Overlord  
  43  3:52  Drone x3  
  43  3:53  Drone  
  43  3:55  Drone x2  
  49  3:57  Queen  
  49  3:58  Drone x2  
  53  4:04  Drone  
  53  4:07  Roach x2  
  58  4:10  Roach  
  58  4:16  Drone  
  61  4:20  Extractor, Drone x2  
  61  4:21  Extractor  
  61  4:24  Drone  
  61  4:25  Baneling Nest  
  61  4:26  Roach x2  
  61  4:30  Overlord  
  65  4:35  Overlord  
  65  4:36  Overlord  
  65  4:41  Overlord  
  65  4:45  Overlord  
  65  4:50  Drone  
  65  4:51  Roach x3  
  72  4:58  Roach x2  
  76  5:02  Roach  
  76  5:03  Roach  
  80  5:12  Roach x3  
  86  5:18  Roach x2  
  90  5:23  Baneling  
  90  5:24  Zergling x8  
  94  5:32  Baneling  
  94  5:33  Baneling x3  
  94  5:42  Zergling x6  
  97  5:45  Zergling x8  
  97  5:47  Baneling x4  
  97  5:48  Zergling x4  
  102  5:53  Zergling x2  
  103  5:58  Roach  
  103  6:00  Zergling x6  
  103  6:01  Zergling x2  
  103  6:04  Zergling x4  
Tags
 
Add a new tag
Caveats
  • Supply blocks, unpowered buildings, or Contaminate may cause inaccurate times.
  • Supply counts are checked every 10 seconds.